 Dungeon Crawl Stone Soup version 0.17.1-1-g73c8601 (webtiles) character file.

375 coffecat the Stinger (level 6, -1/30 HPs)
             Began as a Spriggan Venom Mage on Jan 5, 2016.
             Killed from afar by an orc wizard (8 damage)
             ... with a magic dart
             ... on level 5 of the Dungeon.
             The game lasted 00:21:11 (3546 turns).

coffecat the Stinger (Spriggan Venom Mage)          Turns: 3546, Time: 00:21:11

Health: -1/30      AC:  3    Str:  4    XL:     6   Next: 44%
Magic:  12/13      EV: 20    Int: 18    God:
Gold:   31         SH:  0    Dex: 17    Spells: 2 memorised, 9 levels left

rFire  + . .     SeeInvis +     e - +0 whip
rCold  . . .     Clarity  .     a - +1 robe
rNeg   . . .     SustAt   .     (shield restricted)
rPois  +         Gourm    .     (helmet restricted)
rElec  .         Spirit   .     (no cloak)
rCorr  .         Warding  .     (gloves unavailable)
rMut   .         Stasis   .     (boots unavailable)
MR     +....                    (no amulet)
Stlth  +++.......               o - ring of protection from fire
                                h - ring of poison resistance

@: very quick, somewhat resistant to hostile enchantments, fairly stealthy
A: unfitting armour, see invisible, herbivore 3, speed 3, slow metabolism 2
a: no special abilities


You were on level 5 of the Dungeon.
You were full.

You visited 1 branch of the dungeon, and saw 5 of its levels.

You collected 31 gold pieces.

Inventory:

Hand Weapons
 e - a +0 whip (weapon)
Armour
 a - a +1 robe (worn)
Jewellery
 h - a ring of poison resistance (left hand)
 o - a ring of protection from fire (right hand)
Scrolls
 f - a scroll of identify
Potions
 d - 3 potions of curing {unknown}
 i - 2 potions of heal wounds
 k - a potion of degeneration {unknown}
 m - a potion of brilliance {unknown}
 n - a potion of invisibility
Books
 b - a Young Poisoner's Handbook

   Spells                             Type                      Level
   a - Sting                          Conjuration/Poison           1
   b - Cure Poison                    Poison                       2
   c - Mephitic Cloud                 Conjuration/Poison/Air       3
   d - Olgreb's Toxic Radiance        Poison                       4
   e - Venom Bolt                     Conjuration/Poison           5
Comestibles
 c - a bread ration


   Skills:
 * Level 1.9 Fighting
 + Level 0.5 Maces & Flails
 + Level 4.8 Dodging
 + Level 4.2 Stealth
 + Level 0.2 Unarmed Combat
 + Level 4.4 Spellcasting
 - Level 0.4 Conjurations
 + Level 5.4 Poison Magic


You had 9 spell levels left.
You knew the following spells:

 Your Spells              Type           Power        Failure   Level  Hunger
a - Sting                 Conj/Pois      ##..         4%          1    None
b - Mephitic Cloud        Conj/Pois/Air  ##......     21%         3    ###....


Dungeon Overview and Level Annotations

Branches:
Dungeon (5/15)             Temple (0/1) D:4

Altars:
Gozag

Annotations:
D:2 Natasha, Robin
D:4 Bubs's ghost, amateur CeAM


Innate Abilities, Weirdness & Mutations

You are tiny and cannot use many weapons and most armour.
You have supernaturally acute eyesight.
You are a herbivore.
You cover ground extremely quickly.
You need consume almost no food.


Message History

You can't go down here!
Sorry, you're not good enough to have a special ability.
Cast which spell? (? or * to list)
Aiming: Sting
Press: ? - help, Shift-Dir - straight line, f - orc wizard
Aim: an orc wizard, wielding a dagger and wearing a robe The sting hits the orc wizard.
The orc wizard is lightly wounded.
The orc priest shouts!
The orc wizard shouts!
The orc wizard mumbles some strange words.
The orc wizard seems to speed up.
The orc wizard gestures at you while chanting.
The magic dart hits you!
The orc priest invokes the aid of Beogh against you.
Something smites you!
Ouch! That really hurt!
* * * LOW HITPOINT WARNING * * *
The orc wizard points at you and mumbles some strange words.
The magic dart hits you!
You die...

#...#
#...#
######...#
#.......##
#.#######
#.#
#.#####
#.....#
#####@#
#.# #o#
#o# #o#
#.# #o.
###


You could see an orc priest, 2 orc wizards and an orc.

Vanquished Creatures
  An ogre (D:4)
  A centaur (D:4)
  An orc priest (D:3)
  A giant frog skeleton (D:4)
  A centaur skeleton (D:4)
  A worker ant (D:4)
  A hound skeleton (D:4)
  3 gnolls (D:2)
  2 adders (D:4)
  An ooze (D:1)
  An adder skeleton (D:4)
  A giant gecko (D:3)
  2 orcs (D:3)
  2 bats
  A giant cockroach (D:2)
  2 goblins
  6 hobgoblins
  A quokka (D:3)
  3 giant newts
  A kobold (D:3)
  A quokka skeleton (D:4)
  3 rats
37 creatures vanquished.

Notes
Turn   | Place    | Note
--------------------------------------------------------------
     0 | D:1      | coffecat the Spriggan Venom Mage began the quest for the Orb.
     0 | D:1      | Reached XP level 1. HP: 9/9 MP: 5/5
   216 | D:1      | Reached XP level 2. HP: 13/13 MP: 4/6
   293 | D:2      | Noticed Robin
   471 | D:2      | Reached XP level 3. HP: 13/16 MP: 0/8
   662 | D:2      | Learned a level 3 spell: Mephitic Cloud
   663 | D:2      | Found a faded altar to an unknown god.
  1147 | D:2      | Noticed Natasha
  1491 | D:3      | Found an opulent altar of Gozag.
  1884 | D:3      | Reached XP level 4. HP: 3/21 MP: 4/10
  2147 | D:4      | Noticed an ogre
  2183 | D:4      | Killed an ogre
  2183 | D:4      | Reached skill level 1 in Fighting
  2183 | D:4      | Reached skill level 5 in Poison Magic
  2183 | D:4      | Reached XP level 5. HP: 6/25 MP: 7/12
  2841 | D:4      | Noticed a centaur
  2866 | D:4      | Killed a centaur
  2866 | D:4      | Reached XP level 6. HP: 15/30 MP: 3/13
  3321 | D:4      | Noticed Bubs's ghost (amateur CeAM)
  3524 | D:5      | Entered Level 5 of the Dungeon
  3546 | D:5      | Killed from afar by an orc wizard

Action                   |  1- 3 |  4- 6 || total
-------------------------+-------+-------++-------
Melee: Unarmed           |    16 |       ||    16
       Whip              |    33 |    60 ||    93
 Cast: Sting             |    57 |    24 ||    81
       Mephitic Cloud    |     5 |     2 ||     7
  Use: Scroll            |       |     4 ||     4
 Stab: Confused          |     2 |     2 ||     4
       Sleeping          |       |     2 ||     2
  Eat: Bread ration      |       |     1 ||     1
